 Dungeon Crawl Stone Soup version 0.30-a0-737-gf23d94013f (webtiles) character file.

Game seed: 4440422306069067660

1373 retardedninja the Chopper (level 8, -7/73 HPs)
             Began as a Hill Orc Fighter on Feb 1, 2023.
             Was an Initiate of Gozag.
             Killed from afar by an acid dragon (23 damage)
             ... with a splash of acid
             ... on level 6 of the Dungeon.
             The game lasted 00:05:26 (5455 turns).

retardedninja the Chopper (Hill Orc Fighter)        Turns: 5455, Time: 00:05:26

Health: -7/73      AC:  4    Str: 21    XL:     8   Next: 66%
Magic:  8/8        EV:  7    Int:  8    God:    Gozag
Gold:   507        SH:  5    Dex: 10    Spells: 7/7 levels left

rFire   . . .      SeeInvis .    a - +0 war axe
rCold   . . .      Faith    .    c - +0 buckler
rNeg    + . .      Spirit   .    i - +0 chain mail
rPois   .          Reflect  .    d - +0 helmet
rElec   .          Harm     .    (no cloak)
rCorr   .          Rampage  .    E - +0 pair of gloves
Will    .....                    (no boots) Stlth
                                 D - amulet of the acrobat
HPRegen 0.32/turn                q - ring of positive energy
MPRegen 0.11/turn                (no ring)

@: lethally poisoned (-7 -> -21), corroded, studying Throwing
A: no striking features
a: Renounce Religion, Potion Petition, Call Merchant, Bribe Branch


You were on level 6 of the Dungeon.
You worshipped Gozag.
Gozag was pleased with you.
You visited 2 branches of the dungeon, and saw 7 of its levels.

You collected 621 gold pieces.
You paid 114 gold pieces to Gozag.

Inventory:

Hand Weapons
 a - a +0 war axe (weapon)
Missiles
 b - a throwing net (quivered)
Armour
 c - a +0 buckler (worn)
 d - a +0 helmet (worn)
 i - a +0 chain mail (worn)
 E - a +0 pair of gloves (worn)
Jewellery
 q - a ring of positive energy (left hand)
 D - an amulet of the acrobat (around neck)
Wands
 w - a wand of flame (4)
 C - a wand of digging (3)
Scrolls
 e - a scroll of fear {unknown}
 h - a scroll of butterflies {unknown}
 k - 2 scrolls of fog {unknown}
 m - 3 scrolls of teleportation {unknown}
 n - a scroll of silence {unknown}
 p - 6 scrolls of identify {unknown}
 r - 2 scrolls of poison {unknown}
 u - a scroll of vulnerability {unknown}
 x - a scroll of noise {unknown}
 y - a scroll of acquirement {unknown}
 z - a scroll of amnesia {unknown}
 A - a scroll of torment {unknown}
 F - a scroll of blinking {unknown}
Potions
 f - 2 potions of degeneration {unknown}
 g - a potion of cancellation {unknown}
 j - a potion of resistance {unknown}
 o - a potion of flight {unknown}
 s - 3 potions of lignification {unknown}
 t - 4 potions of curing {unknown}
 v - 2 potions of mutation {unknown}
 B - a potion of berserk rage {unknown}


   Skills:
 + Level 7.1 Fighting
 + Level 7.2 Axes
 + Level 6.5 Armour
 + Level 6.5 Shields


You had 7 spell levels left.
You didn't know any spells.
Your spell library contained the following spells:

 Spells                   Type           Power      Damage    Failure   Level
 Apportation              Tloc           0%         N/A       99%         1
 Lesser Beckoning         Tloc           0%         N/A       100%        2
 Gell's Gravitas          Tloc           0%         N/A       100%        3
 Portal Projectile        Hex/Tloc       0%         N/A       100%        3
 Teleport Other           Tloc           0%         N/A       100%        3
 Tukima's Dance           Hex            0%         N/A       100%        3
 Alistair's Intoxication  Tmut/Pois      0%         N/A       100%        5
 Blade Hands              Tmut           0%         N/A       100%        5
 Chain Lightning          Conj/Air       0%         N/A       100%        9
 Fire Storm               Conj/Fire      0%         5d1       100%        9
 Shatter                  Erth           0%         3d5*      100%        9


Dungeon Overview and Level Annotations

Branches:
Dungeon (6/15)             Temple (1/1) D:5

Altars:
Cheibriados
Dithmenos
Fedhas
Gozag
Makhleb
Okawaru
Ru
Uskayaw
Xom
Yredelemnul
Zin

Shops:
D:2 :   D:4 =


Message History

The splash of acid hits you. The acid corrodes you!
You hear a howl!
You hit the acid dragon but do no damage.
The acid dragon is severely wounded.
You block the acid dragon's attack. The acid dragon claws you.
You barely miss the acid dragon.
The acid dragon is severely wounded.
The acid dragon bites you! The acid dragon claws you.
You feel much better. The scorpion barely misses you.
The acid dragon bites you! The acid dragon claws you. The scorpion stings you.
You closely miss the acid dragon.
The acid dragon is severely wounded.
You closely miss the scorpion. The acid dragon bites you.
You block the acid dragon's attack. The scorpion stings you.
You hit the acid dragon.
The acid dragon is severely wounded.
You hit the scorpion but do no damage. The acid dragon spits acid at you.
The splash of acid hits you!!
* * * LOW HITPOINT WARNING * * *
The scorpion stings you.
* * * LOW HITPOINT WARNING * * *
You are lethally poisoned!
The scorpion poisons you!
Unknown command.
You feel much better.
You feel sick. The acid dragon bites you. The acid dragon claws you.
The scorpion stings you.
* * * LOW HITPOINT WARNING * * *
You are more poisoned.
The scorpion poisons you!
You closely miss the acid dragon.
The acid dragon is severely wounded.
You closely miss the scorpion.
* * * LOW HITPOINT WARNING * * *
You feel very sick. You block the scorpion's attack.
The acid dragon spits acid at you. The splash of acid hits you!!
You die...
Your body crumbles into a pile of gold.

#........# #
+......... #.
#........#
#.##........# $ #
............# #.
#.#.........#
#.##.#...s......
+#....#..@D......
........#######..
........#
........#
........#
.......<#
........#
........# $
........#


You could see an acid dragon (catching breath) and a scorpion.

Vanquished Creatures
  Sigmund (D:2)
  A water moccasin (D:5)
  A phantom (D:4)
  A bullfrog (D:6)
  3 necrophages (D:5)
  3 scorpions
  An orc priest (D:4)
  2 jellies
  2 hounds
  Jessica (D:2)
  Ijyb (D:4)
  4 iguanas
  2 orc wizards (D:5)
  4 gnolls
  6 adders
  2 shadow imps (D:5)
  3 white imps (D:5)
  2 ufetubi (D:5)
  A worm (D:2)
  4 dart slugs
  15 orcs
  2 bats (D:1)
  12 endoplasms
  3 giant cockroaches
  7 goblins
  10 hobgoblins
  4 quokkas
  6 ball pythons
  3 frilled lizards
  8 kobolds
  7 rats
122 creatures vanquished.

Vanquished Creatures (others)
  A demonic plant (D:5)
  2 plants (D:5)
3 creatures vanquished.

Grand Total: 125 creatures vanquished

Notes
Turn   | Place    | Note
-------+----------+-------------------------------------------
     0 | D:1      | retardedninja the Hill Orc Fighter began the quest for the
                  | Orb.
     0 | D:1      | Reached XP level 1. HP: 19/19 MP: 1/1
    75 | D:1      | Reached XP level 2. HP: 24/27 MP: 2/2
   463 | D:1      | Reached XP level 3. HP: 33/33 MP: 3/3
  1024 | D:2      | Found Cuemmeir's Vocational Training.
  1050 | D:2      | Reached XP level 4. HP: 9/40 MP: 4/4
  1051 | D:2      | HP: 2/40 [gnoll/+0 spear (2)]
  1400 | D:2      | Noticed Sigmund
  1440 | D:2      | Killed Sigmund
  1441 | D:2      | Reached skill level 5 in Fighting
  1441 | D:2      | Reached XP level 5. HP: 28/48 MP: 5/5
  1441 | D:2      | Reached XP level 6. HP: 33/56 MP: 6/6
  1694 | D:2      | Noticed Jessica
  1703 | D:2      | Killed Jessica
  2355 | D:3      | Reached skill level 5 in Axes
  2858 | D:4      | Noticed Ijyb
  2867 | D:4      | Reached skill level 5 in Armour
  2867 | D:4      | Reached skill level 5 in Shields
  2867 | D:4      | Reached XP level 7. HP: 50/61 MP: 7/7
  2873 | D:4      | Killed Ijyb
  2952 | D:4      | Found Feoneuli's Jewellery Shop.
  3652 | D:4      | Found an opulent altar of Gozag.
  3691 | D:4      | Became a worshipper of Gozag Ym Sagoz the Greedy
  3714 | D:4      | Found a shimmering altar of Xom.
  3716 | D:4      | Found a shimmering altar of Xom.
  3716 | D:4      | Found a shadowy altar of Dithmenos.
  3718 | D:4      | Found a snail-covered altar of Cheibriados.
  3718 | D:4      | Found a burning altar of Makhleb.
  3718 | D:4      | Found an iron altar of Okawaru.
  3988 | D:5      | Entered Level 5 of the Dungeon
  4003 | D:5      | Reached XP level 8. HP: 66/70 MP: 8/8
  4359 | D:5      | Found a blossoming altar of Fedhas.
  4464 | D:5      | Found a staircase to the Ecumenical Temple.
  4500 | Temple   | Entered the Ecumenical Temple
  4563 | D:5      | HP: 3/71 [poisoned by a water moccasin]
  5453 | D:6      | HP: 3/73 [scorpion (5)]
  5455 | D:6      | Killed from afar by an acid dragon

Illustrated notes

Levels and vault maps discovered:
D:1:      shiori_arrival_oz, layout_loops_cross, dreamdust_wishing_well
D:2:      layout_rooms, dk_vineyard_2, nicolae_shop_vocational, uniq_jessica,
          uniq_sigmund
D:3:      layout_loops_ring
D:4:      layout_loops_ring, nicolae_gozag_seed_capital, doesnt_xom_only_xom,
          nicolae_overflow_hidden_temple, serial_shops, shop,
          amcnicky_mini_rare_corridor_liquid, eino_tiny_chamber,
          minmay_manual_moon, uniq_ijyb
D:5:      layout_loops_ring, fedhas_ov_isle_minmay, minmay_temple_entry_hall,
          serial_demonic, serial_demonic_a, serial_demonic_a, serial_demonic_f,
          serial_demonic_f
D:6:      layout_basic, lemuel_coloured_pillars_altar
Temple:   nicolae_temple_little_seven

Skill      XL: |  1  2  3  4  5  6  7  8 |
---------------+-------------------------+-----
Axes           | 3 4 5 6 7 |  7.2
Fighting       | 4 5 6 7 |  7.1
Armour         | 4 5 6 |  6.5
Shields        | 4 5 6 |  6.5

Action                     |  1- 3 |  4- 6 |  7- 9 || total
---------------------------+-------+-------+-------++-------
  Melee: War axe           |   112 |   131 |   180 ||   423
    Use: Potion            |     1 |     1 |     3 ||     5
   Stab: Distracted        |       |       |     1 ||     1
 Armour: Scale mail        |     9 |       |       ||     9
         Chain mail        |    59 |    88 |    96 ||   243
  Dodge: Dodged            |    34 |    53 |    61 ||   148
  Block: Buckler           |    34 |    37 |    44 ||   115

Table legend: (Time is in decaauts)
 A = Elapsed time spent in this place.
 B = Non-inter-level travel time spent in this place.
 C = Inter-level travel time spent in this place.
 D = Time resting spent in this place.
 E = Time spent auto-exploring this place.
 F = Levels seen in this place.
 G = Mean time per level.
                   A        B        C        D        E       F      G
               +--------+--------+--------+--------+--------+-----+--------+
         Total |   5581 |   5446 |    135 |   1331 |   3093 |   7 |  797.3 |
       Dungeon |   5546 |   5417 |    129 |   1331 |   3065 |   6 |  924.3 |
        Temple |     35 |     29 |      6 |      0 |     28 |   1 |   35.0 |
               +--------+--------+--------+--------+--------+-----+--------+

Top non-repeatable levels by time:
     D:5: 1425 daAuts
     D:4: 1227 daAuts
     D:2: 1223 daAuts
     D:1: 1011 daAuts
     D:3: 622 daAuts
  Temple: 35 daAuts
     D:6: 35 daAuts
